 Dungeon Crawl Stone Soup version 0.29-a0-872-g797fff5ad1 (webtiles) character file.

Game seed: 4845502561799953992

143 jimonade the Covert (level 5, -3/31 HPs)
             Began as a Kobold Brigand on July 18, 2022.
             Killed by divine providence
             ... invoked by an orc priest
              (11 damage)
             ... on level 3 of the Dungeon.
             The game lasted 00:05:25 (3065 turns).

jimonade the Covert (Kobold Brigand)                Turns: 3065, Time: 00:05:26

Health: -3/31      AC:  6    Str:  8    XL:     5   Next: 50%
Magic:  14/14      EV: 14    Int: 12    God:
Gold:   175        SH:  0    Dex: 19    Spells: 4/4 levels left

rFire   . . .      SeeInvis .   a - +2 dagger
rCold   . . .      Faith    .   (no shield)
rNeg    . . .      Spirit   .   b - +0 robe
rPois   +          Reflect  .   v - +0 helmet
rElec   .          Harm     .   c - +0 cloak
rCorr   .          Rampage  .   u - +1 pair of gloves
Will    .....                   (no boots)
Stlth   +++++.....              (no amulet)
HPRegen 0.10/turn               i - ring of magical power
MPRegen 0.14/turn               g - ring of poison resistance

@: no status effects
A: small, no large weapons, nightstalker 3
a: no special abilities


You were on level 3 of the Dungeon.
You visited 1 branch of the dungeon, and saw 3 of its levels.

You collected 175 gold pieces.

Inventory:

Hand Weapons
 a - a +2 dagger (weapon)
Missiles
 d - 21 poisoned darts (quivered)
 e - 3 curare-tipped darts
Armour
 b - a +0 robe (worn)
 c - a +0 cloak (worn)
 f - a +0 leather armour
 u - a +1 pair of gloves (worn)
 v - a +0 helmet (worn)
Magical Staves
 h - a staff of fire
Jewellery
 g - a ring of poison resistance (right hand)
 i - a ring of magical power (left hand)
 l - a ring of magical power
 y - a +6 ring of intelligence
Scrolls
 j - 3 scrolls of identify {unknown}
 k - 3 scrolls of enchant armour {unknown}
 m - a scroll of teleportation {unknown}
 n - a scroll of amnesia {unknown}
 r - a scroll of summoning {unknown}
 s - 3 scrolls of fear {unknown}
 w - 2 scrolls of enchant weapon {unknown}
Potions
 o - a potion of invisibility {unknown}
 p - a potion of magic {unknown}
 q - 2 potions of brilliance {unknown}
 t - 2 potions of mutation {unknown}
 x - a potion of heal wounds {unknown}
 z - a potion of lignification {unknown}
 A - a potion of curing {unknown}


   Skills:
 + Level 2.3 Fighting
 + Level 3.6 Short Blades
 - Level 2.1 Throwing
 + Level 1.5 Dodging
 * Level 8.3 Stealth


You had 4 spell levels left.
You didn't know any spells.
Your spell library contained the following spells:

 Spells                   Type           Power      Damage    Failure   Level
 Apportation              Tloc           0%         N/A       32%         1
 Blink                    Tloc           0%         N/A       45%         2
 Alistair's Intoxication  Tmut/Pois      0%         N/A       100%        5
 Manifold Assault         Tloc           0%         N/A       100%        5
 Storm Form               Tmut/Air       0%         N/A       100%        7


Dungeon Overview and Level Annotations

Branches:
Dungeon (3/15)

Altars:
Kikubaaqudgha


Innate Abilities, Weirdness & Mutations

You are small and have problems with some larger weapons.
You are completely attuned to the shadows.


Message History

You kill the giant cockroach!
No target in view!
Found a stone staircase leading down.
There is a stone staircase leading down here.
A ball python comes into view.
Found a robe.
The ball python moves out of view.
No target in view!
You barely miss the ball python.
The ball python hisses angrily.
The ball python barely misses you. The ball python grabs you.
The ball python constricts you.
You hit the ball python.
The ball python is moderately wounded.
The ball python barely misses you. The ball python constricts you.
You completely miss the ball python.
The ball python is moderately wounded.
The ball python bites you. The ball python constricts you.
You hit the ball python.
You kill the ball python!
No target in view!
You barely miss the orc priest.
The orc priest shouts!
The orc priest hits you but does no damage.
You hit the orc priest.
The orc priest is moderately wounded.
The orc priest hits you with a +0 war axe!
You hit the orc priest.
The orc priest is heavily wounded.
You hit the orc priest.
The orc priest is severely wounded.
The orc priest closely misses you.
The orc priest mumbles some strange prayers to Beogh against you.
Beogh smites you!
You closely miss the orc priest.
The orc priest is severely wounded.
The orc priest hits you with a +0 war axe.
* * * LOW HITPOINT WARNING * * *
The orc priest invokes the aid of Beogh against you.
Beogh smites you!
You die...

# #..#....# #..
# ##.##.### #.#
### #.##.# #.#
..# #..#.# #.#
..# ##.#.# #.#
..# #...# #.#
..# ##..## #.#
..# #...#
#######.# ..#
##[@##
#......†# ..#
#oo.# #.#######
..# ##..## #.#
..# ####...#
#.# ..#
#......## #.#
..# #.......#
#.# ..#
#....#..#####.#
###
#...........#.#
##
#....#.o###.#.#
#.


You could see 2 orc priests.

Vanquished Creatures
  An orc priest (D:3)
  A gnoll (D:1)
  2 adders (D:3)
  4 worms (D:2)
  3 dart slugs
  2 orcs (D:3)
  5 bats
  3 endoplasms
  3 giant cockroaches
  6 goblins
  7 hobgoblins
  3 jackals (D:1)
  8 kobolds
  A quokka (D:1)
  4 ball pythons
  4 frilled lizards (D:2)
  6 rats
63 creatures vanquished.

Notes
Turn   | Place    | Note
-------+----------+-------------------------------------------
     0 | D:1      | jimonade the Kobold Brigand began the quest for the Orb.
     0 | D:1      | Reached XP level 1. HP: 12/12 MP: 1/1
   112 | D:1      | Reached XP level 2. HP: 16/17 MP: 2/2
   171 | D:1      | Reached skill level 6 in Stealth
   419 | D:1      | Found a faded altar of an unknown god.
   570 | D:1      | Reached XP level 3. HP: 22/22 MP: 3/3
  1257 | D:2      | Reached skill level 7 in Stealth
  1293 | D:2      | Reached XP level 4. HP: 27/27 MP: 4/4
  1854 | D:2      | Found an ancient bone altar of Kikubaaqudgha.
  2195 | D:3      | Reached skill level 8 in Stealth
  2195 | D:3      | Reached XP level 5. HP: 23/31 MP: 5/5
  3065 | D:3      | Killed from afar by an orc priest

Illustrated notes

Levels and vault maps discovered:
D:1:      amcnicky_arrival_feature_with_door, layout_loops_ring,
          hellmonk_ecumenical_altar_lost_god, minmay_box_of_dots
D:2:      layout_basic, basic_altar
D:3:      layout_basic, minmay_misc_feat_rugged, kennysheep_potato

Skill      XL: |  1  2  3  4 |
---------------+-------------+-----
Stealth        | 6 7 8 |  8.3
Short Blades   | 3 |  3.6
Fighting       | |  2.3
Throwing       | |  2.1
Dodging        | |  1.5

Action                   |  1- 3 |  4- 6 || total
-------------------------+-------+-------++-------
Melee: Dagger            |    72 |   104 ||   176
       Punch             |     1 |       ||     1
 Stab: Sleeping          |    12 |    17 ||    29
Armor: Robe              |     5 |    16 ||    21
Dodge: Dodged            |    44 |    42 ||    86

Table legend: (Time is in decaauts)
 A = Elapsed time spent in this place.
 B = Non-inter-level travel time spent in this place.
 C = Inter-level travel time spent in this place.
 D = Time resting spent in this place.
 E = Time spent auto-exploring this place.
 F = Levels seen in this place.
 G = Mean time per level.
                   A        B        C        D        E       F      G
               +--------+--------+--------+--------+--------+-----+--------+
         Total |   3037 |   2991 |     46 |    848 |   1607 |   3 | 1012.3 |
       Dungeon |   3037 |   2991 |     46 |    848 |   1607 |   3 | 1012.3 |
               +--------+--------+--------+--------+--------+-----+--------+

Top non-repeatable levels by time:
     D:1: 1217 daAuts
     D:2: 1003 daAuts
     D:3: 816 daAuts
